 Dungeon Crawl Stone Soup version 0.29.0-13-gc9e81de378 (webtiles) character file.

Game seed: 5133856381136525594

26496 LustLizard the Grappler (level 12, -1/123 HPs)
             Began as a Troll Fighter on Sept 9, 2022.
             Was a High Priest of Wu Jian.
             Splashed by a goliath frog's acid (4 damage)
             ... on level 5 of the Lair of Beasts.
             The game lasted 00:22:05 (9997 turns).

LustLizard the Grappler (Troll Fighter)             Turns: 9997, Time: 00:22:05

Health: -1/123     AC: -6    Str: 27    XL:     12   Next: 98%
Magic:  11/11      EV: 10    Int:  8    God:    Wu Jian [*****.]
Gold:   709        SH:  0    Dex:  9    Spells: 11/11 levels left

rFire   + . .      SeeInvis .     - Unarmed
rCold   . . .      Faith    .   b - +0 kite shield
rNeg    . . .      Spirit   .   P - +0 steam dragon scales
rPois   .          Reflect  +   (helmet restricted)
rElec   +          Harm     .   t - +2 cloak
rCorr   +          Rampage  .   (gloves unavailable)
Will    .....                   (boots unavailable)
Stlth   +.........              l - amulet of reflection
HPRegen 1.10/turn               j - +4 ring of slaying
MPRegen 0.12/turn               T - ring "Etsonehiti" {rElec rF+ rCorr}

@: confused, ambrosia-drunk, corroded
A: large, unfitting armour, claws 3, regeneration 1, shaggy fur 1, tough skin 1
a: Renounce Religion, Wall Jump, Serpent's Lash, Heavenly Storm


You were on level 5 of the Lair of Beasts.
You worshipped Wu Jian.
Wu Jian was extremely pleased with you.
You visited 3 branches of the dungeon, and saw 16 of its levels.
You also visited: Ossuary.

You collected 769 gold pieces.
You spent 60 gold pieces at shops.

Inventory:

Missiles
 e - 8 javelins
 q - 75 stones
 r - 53 poisoned darts
 s - 12 boomerangs
 K - a throwing net
 Q - 9 curare-tipped darts (quivered)
 R - 6 silver javelins
Armour
 a - a +0 robe
 b - a +0 kite shield (worn)
 t - a +2 cloak (worn)
 P - +0 steam dragon scales (worn)
 W - a +2 robe of cold resistance
Jewellery
 j - a +4 ring of slaying (left claw)
 k - a ring of ice
 l - an amulet of reflection (around neck)
 w - a ring of wizardry
 y - a ring of positive energy
 N - a ring of resist corrosion
 O - a ring of wizardry
 T - the ring "Etsonehiti" (right claw) {rElec rF+ rCorr}
   (You found it on level 11 of the Dungeon)

   [ring of protection from fire]

   rF:        It protects you from fire.
   rElec:     It insulates you from electricity.
   rCorr:     It protects you from acid and corrosion.
Wands
 V - a wand of mindburst (1)
 X - a wand of iceblast (1)
Scrolls
 i - 8 scrolls of blinking {unknown}
 m - 7 scrolls of teleportation
 n - a scroll of summoning
 p - 6 scrolls of amnesia {unknown}
 u - 2 scrolls of fog
 x - 2 scrolls of brand weapon
 z - 4 scrolls of vulnerability {unknown}
 B - a scroll of acquirement {unknown}
 D - 2 scrolls of poison {unknown}
 F - 6 scrolls of enchant weapon {unknown}
 G - 2 scrolls of immolation {unknown}
 H - 2 scrolls of enchant armour {unknown}
 L - 3 scrolls of magic mapping {unknown}
 M - 6 scrolls of noise {unknown}
 U - a scroll of fear
Potions
 c - a potion of might
 d - 10 potions of curing
 f - 5 potions of mutation
 g - 3 potions of attraction
 h - 2 potions of degeneration
 o - a potion of resistance
 v - 3 potions of haste
 A - 3 potions of brilliance
 C - a potion of cancellation
 E - a potion of lignification
 I - a potion of flight
 J - 2 potions of berserk rage


   Skills:
 + Level 9.2 Fighting
 + Level 7.0 Dodging
 + Level 10.1 Shields
 * Level 14.7 Unarmed Combat


You had 11 spell levels left.
You didn't know any spells.
Your spell library contained the following spells:

 Spells                   Type           Power      Damage    Failure   Level
 Beastly Appendage        Tmut           0%         N/A       63%         1
 Foxfire                  Conj/Fire      0%         2x1d4     63%         1
 Magic Dart               Conj           0%         1d3       63%         1
 Summon Small Mammal      Summ           0%         N/A       63%         1
 Poisonous Vapours        Pois/Air       0%         N/A       77%         2
 Searing Ray              Conj           0%         2d4       77%         2
 Sublimation of Blood     Necr           0%         N/A       77%         2
 Wereblood                Tmut           0%         N/A       77%         2
 Call Canine Familiar     Summ           0%         N/A       94%         3
 Conjure Flame            Conj/Fire      0%         6-21      94%         3
 Gell's Gravitas          Tloc           0%         N/A       94%         3
 Ignite Poison            Fire/Tmut/Pois 0%         N/A       94%         3
 Inner Flame              Hex/Fire       0%         N/A       94%         3
 Lesser Beckoning         Tloc           0%         N/A       94%         3
 Mephitic Cloud           Conj/Pois/Air  0%         N/A       94%         3
 Spider Form              Tmut/Pois      0%         N/A       94%         3
 Summon Guardian Golem    Hex/Summ       0%         N/A       94%         3
 Teleport Other           Tloc           0%         N/A       94%         3
 Anguish                  Hex/Necr       0%         N/A       100%        4
 Corpse Rot               Necr/Pois/Air  0%         N/A       100%        4
 Flame Wave               Conj/Fire      0%         2d4       100%        4
 Fulminant Prism          Conj/Hex       0%         3d6       100%        4
 Petrify                  Tmut/Erth      0%         N/A       100%        4
 Freezing Cloud           Conj/Ice/Air   0%         6-21      100%        5
 Irradiate                Conj/Tmut      0%         3d11      100%        5
 Enfeeble                 Hex            0%         N/A       100%        7


Dungeon Overview and Level Annotations

Branches:
Dungeon (11/15)            Temple (1/1) D:5            Lair (3/5) D:8
    Orc (0/2) D:9         Ossuary (visited)
  Swamp: Lair:2-3    Shoals: Lair:2-3     Snake: Lair:2-3    Spider: Lair:2-3

Altars:
Cheibriados
Dithmenos
Elyvilon
Hepliaklqana
Nemelex Xobeh
Okawaru
Qazlal
Ru
Sif Muna
Uskayaw
Wu Jian
Xom
Zin
The Shining One

Shops:
D:2 :   D:5 ?   D:11 (

Annotations:
D:5 1 transporter, AlmostDecent's ghost, novice DsFi


Innate Abilities, Weirdness & Mutations

You are too large for most types of armour.
You have claws for hands.
Your natural rate of healing is unusually fast.
You are covered in fur. (AC +1)
You have tough skin. (AC +1)


Message History

You block the goliath frog's attack. The goliath frog hits you from afar!!
You are splashed with acid.
You resist. The goliath frog hits you from afar.
You are splashed with acid.
You resist.
Your transformation is almost over.
You block the goliath frog's attack.
The goliath frog hits you but does no damage.
The goliath frog hits you from afar! The acid corrodes you!
You are splashed with acid.
You resist. You block the goliath frog's attack.
The goliath frog hits you from afar!!
You are splashed with acid.
You resist.
* * * LOW HITPOINT WARNING * * *
The goliath frog hits you from afar!
* * * LOW HITPOINT WARNING * * *
The acid corrodes you!
You are splashed with acid.
You resist.
* * * LOW HITPOINT WARNING * * *
You block the goliath frog's attack.
The goliath frog hits you but does no damage.
You block the goliath frog's attack. The goliath frog hits you from afar.
* * * LOW HITPOINT WARNING * * *
You are splashed with acid.
You resist.
* * * LOW HITPOINT WARNING * * *
The goliath frog hits you from afar.
* * * LOW HITPOINT WARNING * * *
You are splashed with acid.
You resist.
* * * LOW HITPOINT WARNING * * *
Okay, then.
You are confused.
You feel invigorated.
You feel less wooden.
Your +2 cloak unmelds from your body.
Your +0 steam dragon scales unmelds from your body.
The goliath frog hits you from afar.
* * * LOW HITPOINT WARNING * * *
The acid corrodes you!
You are splashed with acid.
You resist.
* * * LOW HITPOINT WARNING * * *
The goliath frog hits you from afar!!
* * * LOW HITPOINT WARNING * * *
You are splashed with acid.
You resist.
You die...

#######~~.#†.#
≈~~.######.#†.#
≈≈~~~~~≈#####.##
≈P~~~~~~~...#..##
~~≈~~~~....~#.#.##
~~~P~...~..~#.#..#
~~P~.......~F..###
.P........††††.#
.~.PPP......@#.#
P..~..........P#####
.........#.†...#
.............†.#
............††.#
.........^....##
.....####......#
....†.#####...##
.......#####...#


You could see a goliath frog.

Vanquished Creatures
  Nessos (Lair:5)
  Fannar (Lair:2)
  3 hydras (Lair:5)
  2 two-headed ogres (D:10)
  Sonja (Lair:2)
  A black mamba (Lair:5)
  4 elephants (Lair:2)
  10 cane toads
  A rime drake (Lair:5)
  2 kobold demonologists
  6 komodo dragons
  A polar bear (Lair:5)
  18 blink frogs
  A tyrant leech (Lair:5)
  3 wyverns
  A wraith (Ossuary)
  2 basilisks (Lair:1)
  19 yaks
  3 steam dragons
  12 vampire mosquitoes
  The ghost of Splishie the Protected, an amateur GnWn of Lugonu (D:4)
  Menkaure (D:7)
  Duvessa (D:7)
  4 water moccasins
  A sky beast (D:6)
  3 orc warriors
  An ogre (D:9)
  7 centaurs
  A phantom (D:7)
  7 kobold brigands
  A gnoll sergeant (D:6)
  9 bullfrogs
  4 scorpions
  3 necrophages
  12 wights
  Dowan (D:7)
  10 killer bees
  A howler monkey (D:9)
  An electric eel (Lair:5)
  Crazy Yiuf (D:2)
  5 iguanas
  8 orc priests
  12 orc wizards
  Terence (D:3)
  2 mummies
  14 gnolls
  5 adders
  An ufetubus (D:4)
  3 worms
  43 orcs
  8 ball pythons
  6 bats
  10 endoplasms
  2 giant cockroaches
  6 goblins
  4 hobgoblins
  4 jackals (D:2)
  20 kobolds
  5 quokkas
  3 frilled lizards
  4 gnoll skeletons (Ossuary)
  7 kobold skeletons (Ossuary)
  14 orc skeletons (Ossuary)
  5 rats
  2 rat zombies (D:6)
356 creatures vanquished.

Vanquished Creatures (others)
  7 fungi
  72 plants
79 creatures vanquished.

Grand Total: 435 creatures vanquished

Notes
Turn   | Place    | Note
-------+----------+-------------------------------------------
     0 | D:1      | LustLizard the Troll Fighter began the quest for the Orb.
     0 | D:1      | Reached XP level 1. HP: 22/22 MP: 0/0
   121 | D:1      | Reached XP level 2. HP: 29/29 MP: 1/1
   429 | D:1      | Reached XP level 3. HP: 36/36 MP: 2/2
   473 | D:2      | Found Rufoirgh's Vocational Training.
   620 | D:2      | Reached skill level 3 in Unarmed Combat
   831 | D:2      | Reached XP level 4. HP: 40/44 MP: 3/3
   876 | D:2      | Found a runed translucent door.
   877 | D:2      | Noticed Crazy Yiuf
  1081 | D:2      | Killed Crazy Yiuf
  1219 | D:3      | Reached skill level 4 in Unarmed Combat
  1219 | D:3      | Reached XP level 5. HP: 43/53 MP: 4/4
  1298 | D:3      | Noticed Terence
  1309 | D:3      | Killed Terence
  1794 | D:4      | Reached XP level 6. HP: 57/61 MP: 5/5
  1961 | D:4      | Found a runed translucent gate.
  1972 | D:4      | Found a runed translucent gate.
  1973 | D:4      | Found a runed translucent gate.
  1974 | D:4      | Noticed Splishie's ghost (amateur GnWn)
  2115 | D:4      | Reached skill level 5 in Unarmed Combat
  2431 | D:5      | Entered Level 5 of the Dungeon
  2431 | D:5      | Found Zyet's Magic Scroll Boutique.
  2436 | D:5      | Bought a scroll of identify for 24 gold pieces
  2436 | D:5      | Bought a scroll of teleportation for 36 gold pieces
  2475 | D:5      | Found a staircase to the Ecumenical Temple.
  2487 | Temple   | Entered the Ecumenical Temple
  2509 | Temple   | Became a worshipper of the Wu Jian Council
  2525 | D:5      | Found a transporter.
  2527 | D:5      | Noticed AlmostDecent's ghost (novice DsFi)
  2675 | D:5      | Reached XP level 7. HP: 65/68 MP: 6/6
  2768 | D:5      | Found a shimmering altar of Xom.
  2769 | D:5      | Found a hazy altar of Hepliaklqana.
  2770 | D:5      | Noticed a spectral ugly thing
  2770 | D:5      | Noticed a purple ugly thing
  3118 | D:4      | Killed Splishie's ghost
  3119 | D:4      | Reached skill level 6 in Unarmed Combat
  3225 | D:6      | Found a sand-covered staircase.
  3245 | Ossuary  | Entered an ossuary
  3245 | Ossuary  | Noticed a wraith
  3245 | Ossuary  | Noticed a wraith
  3245 | Ossuary  | Noticed a wraith
  3319 | Ossuary  | Noticed a wraith
  3338 | Ossuary  | Killed a wraith
  3410 | Ossuary  | Reached * piety under Wu Jian
  3516 | D:6      | Reached skill level 5 in Shields
  3521 | D:6      | Reached XP level 8. HP: 57/79 MP: 7/7
  3569 | D:6      | Reached skill level 7 in Unarmed Combat
  3840 | D:6      | Found a hide-covered altar of Uskayaw.
  3851 | D:6      | Reached skill level 5 in Fighting
  4159 | D:7      | Reached skill level 8 in Unarmed Combat
  4159 | D:7      | Reached ** piety under Wu Jian
  4309 | D:7      | Found a stormy altar of Qazlal.
  4330 | D:7      | Noticed Dowan
  4330 | D:7      | Noticed Duvessa
  4395 | D:7      | Reached XP level 9. HP: 77/88 MP: 8/8
  4420 | D:7      | Killed Duvessa
  4443 | D:7      | Killed Dowan
  4444 | D:7      | Reached skill level 9 in Unarmed Combat
  4611 | D:7      | Found a shadowy altar of Dithmenos.
  4778 | D:7      | Reached *** piety under Wu Jian
  4805 | D:7      | Noticed Menkaure
  4814 | D:7      | Killed Menkaure
  5178 | D:8      | Reached skill level 10 in Unarmed Combat
  5256 | D:8      | Noticed a komodo dragon
  5257 | D:8      | Found a staircase to the Lair.
  5268 | D:8      | Killed a komodo dragon
  5593 | D:9      | Noticed a kobold demonologist
  5593 | D:9      | Noticed a kobold demonologist
  5605 | D:8      | Noticed a soul eater
  5609 | D:8      | Killed a kobold demonologist
  5610 | D:8      | Reached XP level 10. HP: 98/100 MP: 9/9
  5734 | D:9      | Reached **** piety under Wu Jian
  5872 | D:9      | Reached skill level 11 in Unarmed Combat
  5985 | D:9      | Found a snail-covered altar of Cheibriados.
  6115 | D:9      | Found a staircase to the Orcish Mines.
  6256 | D:9      | Identified the +2 long sword "Affome" {spect, Fragile rCorr
                  | Int+2}
  6301 | D:9      | Found a shimmering blue altar of Sif Muna.
  6302 | D:9      | Found a glowing silver altar of Zin.
  6375 | D:10     | Entered Level 10 of the Dungeon
  6455 | D:10     | Found a white marble altar of Elyvilon.
  6477 | D:10     | Noticed a two-headed ogre
  6484 | D:10     | Killed a two-headed ogre
  6686 | D:10     | Found an iron altar of Okawaru.
  6790 | D:10     | Noticed a two-headed ogre
  6798 | D:10     | Killed a two-headed ogre
  6839 | D:10     | Found a glowing golden altar of the Shining One.
  7129 | D:11     | Found Owoj's Antique Weapon Shoppe.
  7191 | D:11     | Reached XP level 11. HP: 83/109 MP: 10/10
  7219 | D:11     | Reached skill level 12 in Unarmed Combat
  7442 | D:11     | Identified the ring "Etsonehiti" {rElec rF+ rCorr}
  7548 | D:11     | Noticed a six-headed hydra
  7678 | Lair:1   | Entered Level 1 of the Lair of Beasts
  7773 | Lair:1   | Reached ***** piety under Wu Jian
  7854 | Lair:1   | Reached skill level 5 in Dodging
  8111 | Lair:1   | Identified the +1 chain mail of Assopput {rPois}
  8697 | Lair:2   | Reached skill level 13 in Unarmed Combat
  8722 | Lair:2   | Noticed Sonja
  8739 | Lair:2   | Killed Sonja
  8901 | Lair:2   | Reached XP level 12. HP: 113/120 MP: 11/11
  8927 | Lair:2   | Noticed Fannar
  8940 | Lair:2   | Killed Fannar
  9613 | Lair:3   | You fall into a shaft and drop 2 floors!
  9613 | Lair:5   | Entered Level 5 of the Lair of Beasts
  9642 | Lair:5   | Noticed Nessos
  9653 | Lair:5   | Killed Nessos
  9654 | Lair:5   | Reached skill level 14 in Unarmed Combat
  9700 | Lair:5   | Noticed a four-headed hydra
  9716 | Lair:5   | Killed a four-headed hydra
  9836 | Lair:5   | Noticed an eight-headed hydra
  9844 | Lair:5   | Killed an eight-headed hydra
  9855 | Lair:5   | Reached skill level 10 in Shields
  9940 | Lair:5   | Noticed a five-headed hydra
  9968 | Lair:5   | Killed a five-headed hydra
  9997 | Lair:5   | HP: 3/123 [goliath frog (22)]
  9997 | Lair:5   | Splashed by a goliath frog's acid

Illustrated notes

Levels and vault maps discovered:
D:1:      co_arrival_square_in_a_square_in_a_square, layout_rooms,
          corner_web_ring
D:2:      kennysheep_six_static_rooms, layout_rooms, nicolae_shop_vocational,
          uniq_crazy_yiuf_cottage
D:3:      layout_basic, grunt_decor_one_mirror, uniq_terence
D:4:      layout_gridville, ebering_ghost_rock_garden, grunt_decor_resistance
D:5:      layout_rooms, regret_index_temple_of_mockery,
          minmay_temple_entry_proselytizer, serial_shops, shop,
          gammafunk_ghost_smash, serial_corexii_hall, corexii_hall_statues_l,
          corexii_hall_statues_t, corexii_corridor_pit, st_stairs_11
D:6:      layout_rooms, nicolae_uskayaw_murder_on_the_dancefloor,
          enter_ossuary_4, serial_corexii_hall, corexii_hall_statues_u,
          corexii_hall_statues_x
D:7:      layout_basic, grunt_dithmenos_shadows,
          mainiacjoe_overflow_cross_hatched, uniq_menkaure, uniq_duvessa
D:8:      layout_rooms, david_lair_shrubbed, kennysheep_dice
D:9:      layout_cave_pools, slow_altar_1, gammafunk_temple_overflow_statue,
          orc_0_dummy, special_room [special_room_orc], kennysheep_nub
D:10:     layout_roguey, elyvilon_altar_3, okawaru_trees_1, tso_oasis_becter
D:11:     layout_irregular_city, serial_shops, nicolae_shop_overgrown_old_shop
Temple:   hellmonk_temple_of_storms
Lair:1:   layout_gridlike, infiniplex_staircase_pool
Lair:2:   layout_small_grid, uniq_sonja, uniq_fannar
Lair:3:   layout_gridlike, elwin_shoals_entry_rooms,
          guppyfry_snake_entry_island, beast_lair_carwin_10
Lair:5:   minmay_lair_end_frog_pond, layout_gridlike, uniq_nessos

Skill      XL: |  1  2  3  4  5  6  7  8  9 10 11 12 |
---------------+-------------------------------------+-----
Shields        | 3 4 5 6 7 8 9 10 | 10.1
Unarmed Combat | 3 4 5 6 8 10 11 13 14 | 14.7
Fighting       | 3 4 5 6 7 8 9 |  9.2
Dodging        | 4 5 7 |  7.0

Action                   |  1- 3 |  4- 6 |  7- 9 | 10-12 || total
-------------------------+-------+-------+-------+-------++-------
Melee: Unarmed           |   108 |   112 |   301 |   533 ||  1054
Throw: Boomerang         |       |       |     1 |       ||     1
       Dart              |       |       |     2 |     7 ||     9
Invok: Lunge             |       |     1 |    24 |    37 ||    62
       Whirlwind         |       |       |     4 |    85 ||    89
  Use: Scroll            |       |     9 |     4 |     3 ||    16
       Potion            |       |       |       |    12 ||    12
 Stab: Sleeping          |     1 |       |       |       ||     1
Armor: Robe              |    28 |    21 |    64 |       ||   113
       Steam dragon scal |       |       |     9 |   130 ||   139
       Skin              |       |       |       |    67 ||    67
Dodge: Dodged            |    29 |    25 |    69 |   162 ||   285
Block: Kite shield       |    45 |    71 |   194 |   400 ||   710
       Reflection        |     2 |       |     8 |    11 ||    21
